 Dungeon Crawl Stone Soup version 0.20.2-3-g29329e0561 (webtiles) character file.

3866 Alfie the Carver (level 9, 0/78 HPs)
             Began as a Minotaur Fighter on Dec 12, 2020.
             Slain by a troll (12 damage)
             ... on level 8 of the Dungeon.
             The game lasted 00:15:10 (5977 turns).

Alfie the Carver (Minotaur Fighter)                 Turns: 5977, Time: 00:15:11

Health: 0/78       AC: 11    Str: 26    XL:     9   Next: 99%
Magic:  8/8        EV: 11    Int:  8    God:
Gold:   441        SH: 16    Dex: 11    Spells: 7/8 levels left

rFire    . . .     SeeInvis .   a - +0 long sword
rCold    . . .     Gourm    .   c - +0 shield
rNeg     . . .     Faith    .   b - +1 scale mail
rPois    .         Spirit   .   (helmet restricted)
rElec    .         Reflect  +   h - +0 cloak
rCorr    .         Harm     .   (no gloves)
MR       .....                  r - +0 pair of boots
Stlth    ..........             u - +4 amulet of reflection
Regen    0.3/turn               m - +3 ring of intelligence
MPRegen  0.2/turn               f - +3 ring of strength

@: no status effects
A: retaliatory headbutt, horns 2
a: no special abilities


You were on level 8 of the Dungeon.
You were not hungry.

You visited 1 branch of the dungeon, and saw 8 of its levels.

You collected 441 gold pieces.

Inventory:

Hand Weapons
 a - a +0 long sword (weapon)
Armour
 b - a +1 scale mail (worn)
 c - a +0 shield (worn)
 h - a +0 cloak (worn)
 r - a +0 pair of boots (worn)
Jewellery
 d - an uncursed ring of wizardry {unknown}
 f - a +3 ring of strength (right hand)
 m - a +3 ring of intelligence (left hand)
 p - a +6 ring of dexterity
 u - a +4 amulet of reflection (around neck)
Wands
 n - a wand of digging (11/24)
 w - a wand of iceblast (15/15)
Scrolls
 e - 3 scrolls of identify
 l - a scroll of blinking
 q - a scroll of remove curse
 y - 3 scrolls of amnesia
Potions
 g - 6 potions of curing
 i - a potion of brilliance {unknown}
 j - 2 potions of agility
 o - 2 potions of haste {unknown}
 s - a potion of flight {unknown}
 x - a potion of cancellation {unknown}
 A - a potion of berserk rage {unknown}
Comestibles
 t - a bread ration
 z - 2 meat rations


   Skills:
 + Level 6.4 Fighting
 + Level 10.2 Long Blades
 + Level 8.0 Armour
 + Level 4.7 Dodging
 + Level 1.0 Stealth
 + Level 9.9 Shields


You had 7 spell levels left.
You knew the following spells:

 Your Spells              Type           Power        Failure   Level  Hunger
a - Sandblast             Erth           #.....       86%         1    ##.....


Dungeon Overview and Level Annotations

Branches:
Dungeon (8/15)             Temple (0/1) D:4
   Lair: D:8-11

Altars:
Elyvilon
Kikubaaqudgha
Nemelex Xobeh
Qazlal
Vehumet


Innate Abilities, Weirdness & Mutations

You reflexively headbutt those who attack you in melee.
You have a pair of horns on your head.


Message History

Your shield and scale mail prevent you from hitting the troll.
Your headbutt misses the troll.
The troll is lightly wounded.
You block the troll's attack. The troll claws you!
* * * LOW HITPOINT WARNING * * *
You block the troll's attack.
You feel better.
You block the troll's attack. x2; The troll claws you.
* * * LOW HITPOINT WARNING * * *
You feel better. You block the troll's attack.
The troll claws you but does no damage. You block the troll's attack.
You hit the troll but do no damage. Your headbutt misses the troll.
The troll is lightly wounded.
The troll bites you.
* * * LOW HITPOINT WARNING * * *
You block the troll's attack. The troll claws you but does no damage.
You slash the troll!
You headbutt the troll, but do no damage.
The troll is moderately wounded.
The troll bites you!
You die...

#.........#
##.....).##
##.....## ##...##
##'##### #.#...##
#......##
.#.########.......#
......T@...........
##.######..........
#..........
#..........
##.........
####...### ...#
...# ####


You could see a troll.

Vanquished Creatures
  The ghost of Alfie the Carver, a novice MiFi (D:8)
  The ghost of Alfie the Slasher, a novice MiFi (D:6)
  A polar bear (D:8)
  Sigmund (D:6)
  2 yaks (D:8)
  Duvessa (D:7)
  A sky beast (D:5)
  An ice beast (D:6)
  A wolf (D:8)
  3 centaurs
  A big kobold (D:7)
  A bullfrog (D:7)
  Dowan (D:7)
  5 scorpions
  4 wights (D:7)
  2 vampire bats (D:4)
  3 crimson imps (D:7)
  A quasit (D:6)
  A bullfrog zombie (D:6)
  3 hounds
  A jelly (D:6)
  A gnoll shaman (D:6)
  An orc wizard (D:5)
  A centaur skeleton (D:8)
  Crazy Yiuf (D:6)
  A bullfrog skeleton (D:5)
  An iguana (D:4)
  2 worker ants
  A worker ant zombie (D:6)
  8 gnolls
  12 adders
  A white imp (D:8)
  2 oozes
  2 adder zombies
  2 worms
  A dart slug (D:1)
  5 leopard geckos
  10 orcs
  A ball python (D:1)
  9 bats
  A bat skeleton (D:4)
  5 bat zombies (D:4)
  3 giant cockroaches
  12 goblins
  5 hobgoblins
  9 jackals
  9 kobolds
  2 quokkas
  4 frilled lizards
  A jackal skeleton (D:4)
  A quokka simulacrum (D:8)
  A quokka zombie (D:5)
  10 rats
161 creatures vanquished.

Vanquished Creatures (others)
  An ufetubus (D:8)
  A kobold (D:7)
  7 fungi (D:6)
9 creatures vanquished.

Grand Total: 170 creatures vanquished

Notes
Turn   | Place    | Note
-------+----------+-------------------------------------------
     0 | D:1      | Alfie the Minotaur Fighter began the quest for the Orb.
     0 | D:1      | Reached XP level 1. HP: 19/19 MP: 0/0
   224 | D:1      | Reached XP level 2. HP: 27/27 MP: 1/1
   405 | D:1      | Reached skill level 3 in Long Blades
   732 | D:2      | Reached XP level 3. HP: 33/33 MP: 2/2
   935 | D:2      | Found a sparkling altar of Nemelex Xobeh.
  1433 | D:3      | Reached XP level 4. HP: 24/40 MP: 3/3
  2090 | D:4      | Reached XP level 5. HP: 19/46 MP: 4/4
  2096 | D:4      | Reached skill level 1 in Dodging
  2165 | D:4      | Found a staircase to the Ecumenical Temple.
  2295 | D:4      | Found a sparkling altar of Nemelex Xobeh.
  2449 | D:4      | Reached skill level 4 in Long Blades
  2468 | D:4      | Found an ancient bone altar of Kikubaaqudgha.
  2474 | D:4      | Reached skill level 5 in Armour
  2493 | D:4      | Reached skill level 5 in Shields
  2672 | D:4      | Reached XP level 6. HP: 52/52 MP: 5/5
  2683 | D:4      | Reached skill level 5 in Long Blades
  2893 | D:5      | Entered Level 5 of the Dungeon
  3007 | D:5      | Noticed a sky beast
  3029 | D:5      | Killed a sky beast
  3320 | D:5      | Reached XP level 7. HP: 59/60 MP: 6/6
  3954 | D:6      | Noticed Sigmund
  3963 | D:6      | Killed Sigmund
  3963 | D:6      | Reached skill level 6 in Long Blades
  4017 | D:6      | Found a white marble altar of Elyvilon.
  4017 | D:6      | Noticed Alfie's ghost (novice MiFi)
  4036 | D:6      | Killed Alfie's ghost
  4036 | D:6      | Reached skill level 7 in Long Blades
  4036 | D:6      | Reached XP level 8. HP: 23/67 MP: 7/7
  4260 | D:6      | Found a radiant altar of Vehumet.
  4334 | D:6      | Reached skill level 5 in Fighting
  4496 | D:6      | Reached skill level 1 in Stealth
  4645 | D:6      | Found a runed door.
  4681 | D:6      | Reached skill level 8 in Long Blades
  4733 | D:6      | Noticed Crazy Yiuf
  4743 | D:6      | Killed Crazy Yiuf
  5160 | D:7      | Noticed Duvessa
  5160 | D:7      | Noticed Dowan
  5174 | D:7      | Killed Duvessa
  5185 | D:7      | Killed Dowan
  5185 | D:7      | Reached XP level 9. HP: 54/74 MP: 8/8
  5446 | D:7      | Reached skill level 9 in Long Blades
  5494 | D:7      | Learned a level 1 spell: Sandblast
  5537 | D:7      | Found a stormy altar of Qazlal.
  5837 | D:8      | Noticed a polar bear
  5850 | D:8      | Killed a polar bear
  5924 | D:8      | Noticed Alfie's ghost (novice MiFi)
  5957 | D:8      | Killed Alfie's ghost
  5957 | D:8      | Reached skill level 10 in Long Blades
  5964 | D:8      | Noticed a troll
  5977 | D:8      | Slain by a troll

Skill      XL: |  1  2  3  4  5  6  7  8  9 |
---------------+----------------------------+-----
Armour         | 4 5 6 7 8 |  8.0
Shields        | 4 5 6 8 9 |  9.9
Long Blades    | 3 4 5 7 8 10 | 10.2
Fighting       | 4 5 6 |  6.4
Dodging        | 1 2 3 4 |  4.7
Stealth        | 1 |  1.0

Action                   |  1- 3 |  4- 6 |  7- 9 || total
-------------------------+-------+-------+-------++-------
Melee: Long sword        |   105 |   160 |   326 ||   591
       Headbutt          |    19 |    29 |    76 ||   124
  Use: Scroll            |     2 |       |    13 ||    15
       Potion            |       |       |     8 ||     8
  Eat: Bread ration      |     1 |     1 |     2 ||     4
       Royal jelly       |       |     1 |       ||     1
Armor: Scale mail        |    57 |    85 |    98 ||   240
Dodge: Dodged            |    40 |    57 |   108 ||   205
Block: Shield            |    74 |   101 |   285 ||   460
       Reflection        |       |       |     7 ||     7
       Rpst.: Long sword |    13 |    18 |    16 ||    47
